General information
- name: BNet
- type: Ladder team game (AT/RT)
- host: Battle.net
- saver: MASSGARGSLOL
map: FullScaleAssault
- players: 8
- length: 57:46
- speed: Fast
- version: 1.26 W3XP
- replay type: Public
» download(214 KB)
Players
team 1 (loser)

»
l3lack_Ownage (
green | 37 APM | 620 actions | 16:50)
3 Priestess of the Moon
2 Trueshot Aura
1 Scout
» actions
| Basic commands | 10 | |
| Build / train | 43 | |
| Enter build submenu | 11 | |
| Enter hero's abilities submenu | 3 | |
| Right click | 376 | |
| Select / deselect | 161 | |
| Use ability | 16 | |
620 total
» units
| Wisp | 12 | |
| Druid of the Talon | 4 | |
| Chimaera | 11 | |
27 total
» upgrades
| Reinforced Hides | 2 | |
| Strength of the Wild | 3 | |
| Druid of the Talon Training | 1 | |
| Corrosive Breath | 1 | |
7 total
» buildings
| Moon Well | 6 | |
| Tree of Ages | 1 | |
| Hunter's Hall | 1 | |
| Altar of Elders | 1 | |
| Tree of Eternity | 2 | |
| Ancient of Wind | 1 | |
| Chimaera Roost | 3 | |
15 total
» build order
00:34 Moon Well
02:42 Tree of Ages
03:30 Hunter's Hall
03:33 Altar of Elders
03:55 Moon Well
04:53 Moon Well
04:59 Moon Well
05:01 Moon Well
05:06 Tree of Eternity
05:45 Ancient of Wind
07:42 Moon Well
07:49 Chimaera Roost
07:53 Chimaera Roost
08:45 Chimaera Roost

»
koala_es (
red | 26 APM | 419 actions | 16:23)
3 Mountain King
2 Storm Bolt
1 Bash
» actions
| Assign group hotkey | 1 | |
| Basic commands | 12 | |
| Build / train | 53 | |
| Enter build submenu | 24 | |
| Enter hero's abilities submenu | 3 | |
| Remove unit from queue | 3 | |
| Right click | 92 | |
| Select / deselect | 145 | |
| Select group hotkey | 37 | |
| Use ability | 48 | |
419 total
» units
| Peasant | 17 | |
| Footman | 4 | |
| Rifleman | 7 | |
28 total
» upgrades
» buildings
| Altar of Kings | 1 | |
| Lumber Mill | 1 | |
| Farm | 5 | |
| Barracks | 1 | |
| Scout Tower | 13 | |
| Arcane Tower | 2 | |
| Arcane Vault | 2 | |
| Guard Tower | 10 | |
| Blacksmith | 1 | |
| Town Hall | 1 | |
| Keep | 1 | |
38 total
» build order
00:33 Altar of Kings
00:36 Lumber Mill
00:48 Farm
01:17 Barracks
01:26 Farm
01:41 Farm
02:13 Farm
02:19 Scout Tower
02:23 Scout Tower
02:35 Farm
03:01 Arcane Tower
03:18 Arcane Vault
03:33 Guard Tower
04:34 Blacksmith
05:22 Town Hall
05:36 Scout Tower
05:37 Scout Tower
05:42 Scout Tower
05:43 Scout Tower
06:04 Guard Tower
06:15 Arcane Tower
06:31 Guard Tower
06:34 Arcane Vault
07:44 Scout Tower
07:47 Scout Tower
07:54 Guard Tower
08:07 Scout Tower
08:09 Guard Tower
08:27 Guard Tower
08:30 Guard Tower
08:34 Scout Tower
08:54 Guard Tower
09:30 Scout Tower
09:40 Keep
10:01 Guard Tower
10:32 Scout Tower
10:39 Scout Tower
11:03 Guard Tower
» items
DAGUDGUYS (
pink | 27 APM | 1549 actions | 57:43)
2 Pit Lord
1 Howl of Terror
1 Rain of Fire
» actions
| Build / train | 113 | |
| Enter build submenu | 45 | |
| Enter hero's abilities submenu | 2 | |
| Right click | 829 | |
| Select / deselect | 436 | |
| Use ability | 124 | |
1549 total
» units
| Peasant | 39 | |
| Footman | 15 | |
| Rifleman | 10 | |
| Chimaera | 7 | |
| Mortar Team | 7 | |
| Wisp | 13 | |
91 total
» upgrades
| Defend | 1 | |
| Armor | 1 | |
| Gunpowder | 1 | |
| Plating | 1 | |
| Long Rifles | 1 | |
5 total
» buildings
| Farm | 24 | |
| Altar of Kings | 2 | |
| Barracks | 3 | |
| Lumber Mill | 1 | |
| Scout Tower | 19 | |
| Guard Tower | 7 | |
| Arcane Tower | 4 | |
| Town Hall | 5 | |
| Blacksmith | 2 | |
| Keep | 1 | |
| Castle | 1 | |
| Moon Well | 4 | |
| Workshop | 4 | |
| Tree of Life | 4 | |
81 total
» build order
01:08 Farm
01:09 Farm
01:12 Farm
01:26 Altar of Kings
01:53 Barracks
01:54 Barracks
02:09 Lumber Mill
02:36 Farm
03:29 Farm
03:40 Scout Tower
03:41 Scout Tower
03:45 Scout Tower
03:47 Scout Tower
03:47 Scout Tower
03:58 Scout Tower
04:00 Scout Tower
04:17 Guard Tower
04:26 Guard Tower
04:45 Arcane Tower
04:47 Guard Tower
05:01 Guard Tower
05:10 Arcane Tower
05:11 Guard Tower
05:34 Farm
07:39 Farm
08:26 Farm
09:20 Farm
10:05 Town Hall
10:11 Scout Tower
10:12 Scout Tower
10:13 Scout Tower
10:19 Scout Tower
10:20 Scout Tower
10:21 Scout Tower
10:34 Blacksmith
10:54 Arcane Tower
11:45 Guard Tower
11:50 Scout Tower
11:51 Scout Tower
11:51 Scout Tower
11:55 Scout Tower
11:56 Scout Tower
11:56 Scout Tower
12:18 Keep
13:00 Guard Tower
13:05 Farm
13:06 Farm
13:38 Arcane Tower
14:26 Farm
14:29 Farm
14:58 Castle
16:26 Farm
18:19 Moon Well
20:08 Town Hall
21:11 Workshop
21:13 Workshop
21:56 Workshop
21:57 Workshop
22:00 Moon Well
22:31 Moon Well
23:13 Tree of Life
23:26 Moon Well
24:07 Farm
24:13 Farm
24:44 Town Hall
25:22 Farm
25:22 Farm
25:22 Farm
25:23 Farm
25:23 Farm
25:23 Farm
25:23 Farm
25:24 Farm
28:56 Altar of Kings
29:38 Barracks
30:54 Blacksmith
32:13 Town Hall
37:08 Town Hall
55:28 Tree of Life
56:19 Tree of Life
57:12 Tree of Life

»
bu6wdo3wecn47wu (
purple | 8 APM | 462 actions | 57:43)
1 Death Knight
1 Unholy Aura
» actions
| Basic commands | 28 | |
| Build / train | 37 | |
| Enter build submenu | 16 | |
| Enter hero's abilities submenu | 1 | |
| Right click | 235 | |
| Select / deselect | 112 | |
| Use ability | 33 | |
462 total
» units
| Acolyte | 3 | |
| Ghoul | 16 | |
| Obsidian Statue | 1 | |
| Crypt Fiend | 2 | |
22 total
» upgrades
| Unholy Strength | 2 | |
| Unholy Armor | 3 | |
| Web | 1 | |
| Ghoul Frenzy | 1 | |
7 total
» buildings
| Crypt | 2 | |
| Altar of Darkness | 1 | |
| Ziggurat | 9 | |
| Graveyard | 1 | |
| Spirit Tower | 3 | |
| Halls of the Dead | 1 | |
| Tomb of Relics | 1 | |
| Slaughterhouse | 2 | |
| Sacrificial Pit | 1 | |
| Black Citadel | 1 | |
22 total
» build order
02:58 Crypt
02:59 Crypt
03:03 Altar of Darkness
03:12 Ziggurat
03:13 Ziggurat
03:37 Graveyard
05:19 Spirit Tower
05:59 Halls of the Dead
07:18 Ziggurat
07:19 Ziggurat
07:56 Ziggurat
07:59 Ziggurat
08:06 Ziggurat
09:12 Spirit Tower
09:51 Tomb of Relics
10:01 Slaughterhouse
10:10 Slaughterhouse
10:14 Ziggurat
10:20 Sacrificial Pit
11:25 Spirit Tower
11:36 Ziggurat
11:55 Black Citadel
» items
team 2 (winner)

»
misterStar22 (
blue | 28 APM | 1596 actions | 57:43)
6 Blademaster
3 Wind Walk
2 Critical Strike
1 Bladestorm
4 Shadow Hunter
2 Healing Wave
2 Hex
» actions
| Assign group hotkey | 25 | |
| Basic commands | 36 | |
| Build / train | 78 | |
| ESC pressed | 1 | |
| Enter build submenu | 21 | |
| Enter hero's abilities submenu | 10 | |
| Give item / drop item | 1 | |
| Right click | 549 | |
| Select / deselect | 283 | |
| Select group hotkey | 439 | |
| Use ability | 153 | |
1596 total
» units
| Peon | 16 | |
| Grunt | 4 | |
| Demolisher | 2 | |
| Shaman | 4 | |
| Troll Batrider | 8 | |
| Raider | 3 | |
| Tauren | 4 | |
| Goblin Shredder | 1 | |
42 total
» upgrades
| Shaman Training | 2 | |
| Armor | 2 | |
| Melee Weapons | 3 | |
| Ensnare | 1 | |
| Pulverize | 1 | |
| Burning Oil | 1 | |
| Liquid Fire | 1 | |
| Pillage | 1 | |
12 total
» buildings
| Altar of Storms | 1 | |
| Orc Burrow | 8 | |
| Barracks | 1 | |
| Voodoo Lounge | 1 | |
| Stronghold | 3 | |
| Great Hall | 2 | |
| War Mill | 1 | |
| Spirit Lodge | 1 | |
| Fortress | 1 | |
| Beastiary | 2 | |
| Tauren Totem | 2 | |
23 total
» build order
00:03 Altar of Storms
00:14 Orc Burrow
00:30 Barracks
01:42 Orc Burrow
01:57 Voodoo Lounge
03:16 Stronghold
03:16 Stronghold
03:59 Great Hall
05:06 War Mill
05:38 Spirit Lodge
05:41 Orc Burrow
06:38 Fortress
07:43 Beastiary
08:18 Orc Burrow
09:03 Tauren Totem
09:03 Tauren Totem
10:28 Orc Burrow
11:38 Beastiary
13:44 Great Hall
14:50 Orc Burrow
45:59 Orc Burrow
46:00 Orc Burrow
» items
| Healing Salve | 3 | |
| Lesser Clarity Potion | 1 | |
| Scroll of Speed | 1 | |
| Circlet of Nobility | 1 | |
| Scroll of Healing | 2 | |
8 total
MASSGARGSLOL (
orange | 72 APM | 4134 actions | 57:46)
7 Death Knight
3 Death Coil
3 Unholy Aura
1 Animate Dead
6 Lich
3 Frost Nova
2 Frost Armor
1 Death and Decay
» actions
| Assign group hotkey | 66 | |
| Basic commands | 23 | |
| Build / train | 73 | |
| Enter build submenu | 19 | |
| Enter hero's abilities submenu | 16 | |
| Give item / drop item | 3 | |
| Remove unit from queue | 2 | |
| Right click | 1845 | |
| Select / deselect | 605 | |
| Select group hotkey | 1162 | |
| Use ability | 319 | |
4134 total
» units
| Acolyte | 3 | |
| Ghoul | 2 | |
| Crypt Fiend | 14 | |
| Obsidian Statue | 9 | |
28 total
» upgrades
| Burrow | 1 | |
| Creature Carapace | 3 | |
| Creature Attack | 4 | |
| Web | 1 | |
| Destroyer Form | 1 | |
| Unholy Strength | 1 | |
| Unholy Armor | 1 | |
12 total
» buildings
| Graveyard | 1 | |
| Crypt | 1 | |
| Ziggurat | 6 | |
| Altar of Darkness | 1 | |
| Tomb of Relics | 1 | |
| Halls of the Dead | 2 | |
| Slaughterhouse | 1 | |
| Black Citadel | 1 | |
| Spirit Tower | 2 | |
| Necropolis | 1 | |
17 total
» build order
00:26 Graveyard
00:28 Crypt
00:45 Ziggurat
01:00 Altar of Darkness
01:31 Tomb of Relics
01:52 Ziggurat
03:35 Ziggurat
05:30 Halls of the Dead
05:31 Halls of the Dead
06:07 Ziggurat
08:11 Slaughterhouse
10:32 Ziggurat
13:44 Black Citadel
20:03 Spirit Tower
20:31 Ziggurat
21:13 Spirit Tower
29:23 Necropolis
» items
| Rod of Necromancy | 1 | |
| Dust of Appearance | 1 | |
| Potion of Healing | 1 | |
| Potion of Mana | 1 | |
| Scroll of Town Portal | 2 | |
| Orb of Lightning | 1 | |
| Staff of Teleportation | 1 | |
| Potion of Lesser Invulnerability | 1 | |
| Boots of Speed | 1 | |
10 total

»
Semen (
teal | 22 APM | 46 actions | 02:04)
» actions
| Right click | 26 | |
| Select / deselect | 11 | |
| Use ability | 8 | |
46 total
balding (
yellow | 35 APM | 2038 actions | 57:43)
6 Death Knight
3 Death Coil
2 Unholy Aura
1 Animate Dead
5 Dreadlord
3 Sleep
2 Vampiric Aura
» actions
| Assign group hotkey | 38 | |
| Basic commands | 4 | |
| Build / train | 82 | |
| ESC pressed | 1 | |
| Enter build submenu | 20 | |
| Enter hero's abilities submenu | 12 | |
| Give item / drop item | 18 | |
| Right click | 1528 | |
| Select / deselect | 148 | |
| Select group hotkey | 109 | |
| Use ability | 78 | |
2038 total
» units
| Acolyte | 2 | |
| Ghoul | 2 | |
| Crypt Fiend | 28 | |
| Goblin Zeppelin | 1 | |
33 total
» upgrades
| Creature Attack | 3 | |
| Creature Carapace | 3 | |
| Web | 1 | |
7 total
» buildings
| Graveyard | 1 | |
| Crypt | 1 | |
| Ziggurat | 12 | |
| Altar of Darkness | 1 | |
| Nerubian Tower | 1 | |
| Spirit Tower | 20 | |
| Halls of the Dead | 1 | |
| Black Citadel | 1 | |
| Tomb of Relics | 1 | |
39 total
» build order
00:14 Graveyard
00:26 Crypt
00:53 Ziggurat
01:19 Altar of Darkness
01:46 Ziggurat
01:57 Ziggurat
02:46 Nerubian Tower
03:37 Spirit Tower
03:37 Spirit Tower
04:33 Ziggurat
04:42 Ziggurat
06:19 Halls of the Dead
06:23 Spirit Tower
06:24 Spirit Tower
06:24 Spirit Tower
12:48 Black Citadel
12:55 Ziggurat
13:01 Ziggurat
13:04 Ziggurat
13:07 Spirit Tower
14:53 Spirit Tower
14:53 Spirit Tower
14:54 Spirit Tower
14:54 Spirit Tower
14:55 Spirit Tower
14:55 Spirit Tower
33:44 Ziggurat
33:45 Ziggurat
33:49 Ziggurat
33:56 Ziggurat
35:34 Spirit Tower
35:34 Spirit Tower
35:35 Spirit Tower
35:35 Spirit Tower
35:36 Spirit Tower
35:36 Spirit Tower
35:37 Spirit Tower
35:37 Spirit Tower
36:53 Tomb of Relics
» items
Chat log
(00:11 / All) Semen: fuck you orange
(00:20 / All) Semen: woooooooooooooo!
(00:22 / All) Semen: WOOOOOOOOOOOOOOOOOOOOOOOO
(00:24 / All) Semen: WOOOOOOOOOOOOOOOOOOOOOOO
(00:26 / All) Semen: WOOOOOOOOOOOOOOOOOOOOOOOOOOOO
(00:28 / All) Semen: WOOOOOOOOOOOOOOOOOOO
(00:39 / All) MASSGARGSLOL: what have I done now
(00:42 / Allies) balding: =why he so mad
(00:53 / All) Semen: BECAUSE ORANGE IS PIECE OF TKING SHIT
(00:58 / All) Semen: HOW YOU LIKE IT BUDDY
(00:59 / All) Semen: TAKE IT
(01:00 / Allies) misterStar22: ya
(01:02 / All) Semen: TAKE IT ALL YOU DIRTY FUCK
(01:04 / Allies) misterStar22: but your also tking us
(01:07 / All) MASSGARGSLOL: oh shiet you caught me
(01:13 / Allies) Semen: and i apologize blue
(01:13 / Allies) balding: lol
(01:14 / All) Semen: but
(01:16 / Allies) Semen: OJ
(01:18 / All) Semen: FUCK YOUUUUUUUU
(01:42 / All) bu6wdo3wecn47wu: we're not being charged anything for this little drama I hope cuz its not worth anything lol
(01:46 / All) MASSGARGSLOL: can you detect my MH btw
(02:27 / Allies) MASSGARGSLOL: rush?
(02:35 / Allies) balding: i guess
(02:35 / Allies) misterStar22: ill take his mine
(02:40 / Allies) balding: just want a game lol
(02:44 / Allies) balding: good idea
(02:49 / Allies) misterStar22: do a late rush
(02:53 / Allies) misterStar22: kill expos
(02:54 / All) l3lack_Ownage: lol?
(02:59 / All) l3lack_Ownage: what makes u think that?
(03:17 / All) l3lack_Ownage: im on ur team dumbfuck thats how i know ur teching?
(03:29 / All) bu6wdo3wecn47wu: and u know what that means
(03:31 / All) bu6wdo3wecn47wu: lol
(03:44 / All) l3lack_Ownage: no i dont just fucking play
(03:47 / All) l3lack_Ownage: fucking weirdo
(03:53 / All) misterStar22: why all chat
(03:59 / All) l3lack_Ownage: so u can see
(04:04 / All) misterStar22: oh, ok
(04:07 / All) l3lack_Ownage: how retarded people are
(04:19 / All) bu6wdo3wecn47wu: lol - oh shit we're fighting amongst ourselves like u guys
(04:20 / All) bu6wdo3wecn47wu: lol
(05:07 / Allies) misterStar22: go soon
(05:11 / All) bu6wdo3wecn47wu: u guys seem to be missing someone in the top slot
(05:28 / All) misterStar22: no
(05:31 / All) misterStar22: its all there
(05:42 / All) bu6wdo3wecn47wu: ahh alternate base
(06:42 / Allies) misterStar22: newb
(07:26 / Allies) balding: meet niggas
(08:47 / Allies) balding: oj hold up son
(08:51 / Allies) balding: almost there
(09:25 / All) bu6wdo3wecn47wu: lol non too smart
(10:39 / Allies) misterStar22: spare lumber any1?
(10:45 / Allies) misterStar22: thanks
(10:58 / All) l3lack_Ownage: lol purp
(11:57 / All) l3lack_Ownage: pink noob fight
(12:35 / Allies) balding: next one
(15:35 / Allies) MASSGARGSLOL: care
(16:06 / All) balding: hehe
(17:04 / All) bu6wdo3wecn47wu: lost our two hacks
(17:13 / All) bu6wdo3wecn47wu: they were pretty useless
(17:25 / All) MASSGARGSLOL: no excuses
(17:26 / All) MASSGARGSLOL: 3v4
(17:27 / All) balding: so am i
(17:54 / All) bu6wdo3wecn47wu: fuck u no excuses - u fucking cheat and tell me i need an excuse to blame the loss on
(18:01 / All) bu6wdo3wecn47wu: stop fucking ruining games
(18:02 / All) MASSGARGSLOL: lol
(18:17 / All) balding: lol i had leavers on my team last game
(18:17 / All) bu6wdo3wecn47wu: stop fucking cheating us of a little fucking fun u prick
(18:22 / All) bu6wdo3wecn47wu: u cocksucker
(18:25 / All) bu6wdo3wecn47wu: fuck u
(18:28 / All) bu6wdo3wecn47wu: prick
(18:54 / All) balding: twas' a bigass rape here
(19:01 / All) bu6wdo3wecn47wu: I hope to god there is something like karma and u get it as good as u give it
(19:03 / All) bu6wdo3wecn47wu: prick
(19:07 / All) bu6wdo3wecn47wu: asshole
(19:13 / All) balding: who
(19:17 / All) bu6wdo3wecn47wu: fuck u
(19:21 / All) balding: lol
(19:21 / Allies) MASSGARGSLOL: he thinks im mhing
(19:25 / All) bu6wdo3wecn47wu: lol
(19:57 / All) bu6wdo3wecn47wu: seriously tho - I do hope that everything u do toothers is reflected back to u
(20:33 / All) bu6wdo3wecn47wu: ur choice to ruin other fun just for ur own little glory u ass
(22:01 / Allies) MASSGARGSLOL: come blue
(30:30 / Allies) MASSGARGSLOL: peasants
(40:02 / Allies) MASSGARGSLOL: please use units to cover the map
(40:15 / Allies) balding: never!!
(40:36 / Allies) balding: buy a zeppelin nigga
(40:42 / Allies) MASSGARGSLOL: for what?
(41:24 / Allies) balding: i buyin one lol
(43:43 / Allies) misterStar22: wtf
(43:55 / All) misterStar22: whats going on??
(44:18 / Allies) balding: gotta shit?
(44:23 / Allies) misterStar22: company ovcer
(44:29 / Allies) misterStar22: thought we won
(44:35 / Allies) balding: we have
(45:08 / Allies) misterStar22: this guys good
(45:27 / Allies) balding: lol 4 mines haven't been checked
(45:34 / Allies) MASSGARGSLOL: why the fuck are you expanding yellow
(45:50 / Allies) MASSGARGSLOL: I've checked those
(46:39 / Allies) misterStar22: gtg sorta
(46:40 / Allies) MASSGARGSLOL: i don't need gold
(52:11 / Allies) balding: hidden a house right?
(52:20 / Allies) balding: i found one b4
(52:27 / Allies) MASSGARGSLOL: when?
(52:36 / Allies) MASSGARGSLOL: haven't found anything in the last 10 minutes
(52:37 / Allies) balding: 10 mins
(54:34 / Allies) MASSGARGSLOL: I don't see anything on the map